Map: Whispers of Gold

Players

Serral

  • Race: Zerg Zerg
  • League: Grandmaster
  • Spawn Location: 9:00

LiquidClem (Clem) - Winner!

  • Race: Terran Terran
  • League: Grandmaster
  • Spawn Location: 5:00

VOD

Have the link to the VOD?

Description

Time

  • Played on: March 16, 2025, 9:21 a.m.
  • Length: 10:48
Show
View Real Time Build Order
Export as new Build Order

Serral Zerg 

Build Orders: Hatch First 

Get SALT Encoding   

  12  0:00  Drone  
  13  0:07  Drone  
  13  0:13  Extractor  
  13  0:14  Drone  
  15  0:22  Overlord  
  15  0:40  Drone  
  16  0:46  Hatchery  
  15  0:50  Drone  
  15  0:53  Drone  
  17  0:57  Drone  
  18  1:07  Extractor  
  17  1:13  Spawning Pool  
  17  1:16  Drone  
  17  1:19  Drone  
  18  1:26  Drone  
  19  1:38  Drone  
  20  1:50  Overlord  
  20  1:59  Queen x2  
  20  2:00  Zergling x2  
  25  2:03  Zergling x2  
  26  2:09  Drone  
  26  2:11  Metabolic Boost  
  26  2:15  Drone  
  28  2:19  Drone  
  28  2:21  Drone  
  29  2:30  Drone  
  29  2:31  Drone  
  29  2:35  Queen  
  33  2:41  Drone  
  33  2:43  Overlord  
  34  2:56  Hatchery  
  34  2:57  Drone  
  34  3:00  Drone  
  34  3:04  Drone x2  
  37  3:11  Drone  
  37  3:12  Drone x2  
  39  3:14  Overlord  
  39  3:19  Drone  
  41  3:20  Drone  
  41  3:22  Drone  
  42  3:27  Queen  
  42  3:33  Overlord  
  44  3:35  Zergling x4  
  44  3:40  Drone x3  
  49  3:45  Overlord  
  49  3:46  Drone x2  
  51  3:51  Queen  
  51  3:54  Drone  
  54  3:57  Zergling x4  
  54  4:01  Drone  
  57  4:04  Drone  
  57  4:09  Drone x2  
  60  4:11  Lair  
  60  4:14  Drone x3  
  63  4:20  Overlord  
  63  4:21  Zergling x2  
  63  4:22  Zergling x2  
  65  4:27  Roach Warren  
  66  4:31  Drone x3  
  66  4:38  Extractor x2  
  67  4:41  Drone x5  
  67  4:43  Drone x3  
  74  4:49  Extractor  
  74  4:50  Drone  
  74  4:51  Drone, Extractor  
  72  4:53  Overlord  
  72  5:05  Hatchery  
  72  5:06  Overlord  
  77  5:07  Roach x5  
  77  5:12  Glial Reconstitution  
  77  5:13  Overlord  
  81  5:17  Zergling x2  
  81  5:18  Zergling x2  
  81  5:19  Roach  
  81  5:20  Roach x2  
  81  5:21  Overlord  
  89  5:25  Overlord  
  89  5:27  Overlord  
  87  5:38  Roach x3  
  87  5:40  Roach  
  94  5:46  Roach x2  
  98  5:51  Roach x2  
  98  5:52  Overseer  
  102  5:58  Overlord  
  102  6:00  Roach x3  
  102  6:04  Overlord  
  108  6:07  Roach x2  
  112  6:12  Overlord x2  
  112  6:26  Roach x4  
  112  6:27  Roach x3  
  112  6:28  Ravager x4  
  130  6:33  Roach x2  
  130  6:39  Overseer  
  134  6:41  Roach  
  134  6:42  Roach x4  
  134  6:46  Overlord, Overseer  
  144  6:52  Roach x3  
  147  6:58  Roach x3  
  147  7:00  Roach  
  139  7:02  Roach x2  
  139  7:05  Roach  
  137  7:10  Roach x2  
  137  7:13  Roach x2  
  136  7:19  Drone  
  136  7:20  Drone x4  
  136  7:22  Ravager x3  
  136  7:25  Extractor  
  136  7:27  Zergling x8, Ravager  
  140  7:30  Zergling x2  
  140  7:31  Zergling x2  
  142  7:38  Roach x3  
  143  7:44  Zergling x2, Roach x3  
  143  7:47  Roach  
  130  7:56  Evolution Chamber  
  129  7:59  Roach x5  
  131  8:07  Evolution Chamber  
  131  8:11  Roach x5  
  112  8:19  Roach x4  
  120  8:26  Roach x3  
  118  8:32  Drone x5  
  117  8:38  Zerg Ground Armor Level 1  
  117  8:39  Zerg Melee Weapons Level 1  
  117  8:41  Ravager  
  118  8:44  Drone x2  
  118  8:47  Drone  
  121  8:49  Drone, Infestation Pit  
  121  8:50  Drone  
  121  8:53  Drone x2  
  124  8:59  Drone x4  
  124  9:03  Drone x2  
  124  9:06  Drone x2  
  126  9:10  Drone x2  
  126  9:15  Baneling Nest  
  126  9:16  Drone x3  
  130  9:21  Roach x2  
  134  9:25  Zergling x8  
  134  9:26  Zergling x2  
  134  9:29  Zergling x6  
  142  9:37  Overlord, Ravager x3  
  145  9:45  Zergling x14  
  149  9:47  Ravager  
  150  9:53  Overlord x4  
  150  9:57  Overlord  
  147  10:03  Zergling x12  
  147  10:05  Overseer  
  147  10:06  Baneling x3  
  153  10:07  Ravager x2  
  156  10:14  Zergling x14  
  157  10:23  Zergling x20  
  150  10:28  Zergling x4  
Show
View Real Time Build Order
Export as new Build Order

LiquidClem Terran - Winner!

Build Orders: Reaper Expand 

Get SALT Encoding   

  12  0:00  SCV  
  13  0:12  SCV  
  14  0:17  Supply Depot  
  14  0:25  SCV  
  15  0:39  SCV  
  15  0:40  Barracks  
  16  0:45  Refinery  
  16  0:51  SCV  
  17  1:03  SCV  
  18  1:15  SCV  
  19  1:27  Orbital Command, Reaper  
  20  1:42  Command Center  
  20  1:50  Supply Depot  
  20  1:54  SCV  
  21  1:59  Marine  
  22  2:06  SCV  
  23  2:14  Factory  
  23  2:18  SCV  
  23  2:21  Barracks Reactor  
  24  2:30  SCV  
  25  2:43  Command Center  
  26  2:44  SCV  
  26  2:54  Orbital Command  
  26  2:56  SCV  
  27  3:05  Barracks  
  27  3:07  Barracks Tech Lab  
  27  3:10  SCV  
  28  3:14  Hellion  
  28  3:18  Hellion  
  32  3:21  SCV  
  32  3:24  SCV  
  32  3:26  Refinery  
  34  3:28  Marine  
  34  3:31  Stimpack  
  34  3:34  SCV  
  36  3:36  SCV  
  37  3:45  Marine  
  37  3:46  SCV  
  39  3:48  SCV  
  39  3:53  Starport  
  39  3:55  Orbital Command  
  40  3:57  Factory Reactor  
  40  3:59  Marine x2, SCV  
  43  4:03  Marine, SCV  
  45  4:11  SCV  
  45  4:15  SCV, Supply Depot  
  47  4:17  Marine x2  
  47  4:20  SCV  
  47  4:21  Marine  
  47  4:23  SCV  
  52  4:27  SCV  
  52  4:30  Medivac  
  55  4:32  Armory, SCV  
  55  4:35  Hellion  
  55  4:36  Hellion  
  60  4:40  Marine x2  
  60  4:41  Supply Depot  
  60  4:42  Marine  
  60  4:45  SCV x3  
  66  4:52  Refinery  
  66  4:57  SCV, Supply Depot  
  66  4:58  Hellion  
  69  5:02  Marine x3, Orbital Command  
  69  5:03  Medivac, Hellion  
  69  5:04  SCV  
  77  5:11  Refinery  
  77  5:12  Barracks  
  77  5:13  Combat Shield  
  77  5:19  SCV x2  
  77  5:20  Marine  
  80  5:22  Marine  
  80  5:23  Marine  
  80  5:26  Supply Depot  
  82  5:31  Hellion x4, SCV  
  82  5:32  Engineering Bay  
  82  5:33  Engineering Bay  
  81  5:36  Factory Tech Lab  
  81  5:38  Starport Reactor, Marine  
  81  5:40  Marine, SCV  
  81  5:42  SCV  
  83  5:44  SCV  
  83  5:45  Marine  
  83  5:46  Supply Depot  
  85  5:50  Supply Depot  
  85  5:52  SCV  
  85  5:54  SCV  
  85  5:56  Marine, SCV, Siege Tank  
  91  6:04  Marine  
  91  6:05  Supply Depot  
  91  6:06  Marine  
  91  6:09  SCV  
  91  6:10  Barracks, SCV x2  
  96  6:12  Barracks  
  96  6:16  Terran Infantry Weapons Level 1, Terran Infantry Armor Level 1  
  96  6:20  Marine  
  96  6:21  Marine x2  
  96  6:22  SCV  
  96  6:23  SCV  
  96  6:24  Medivac  
  96  6:25  Marine x2  
  104  6:29  Medivac  
  104  6:30  SCV  
  104  6:32  Siege Tank  
  111  6:40  Marine x2  
  111  6:41  Barracks  
  111  6:42  Barracks  
  111  6:43  Barracks  
  111  6:45  SCV  
  111  6:46  SCV x2  
  116  6:47  Marine  
  116  6:48  Marine  
  116  6:53  Marine  
  116  6:58  SCV  
  116  6:59  Marine x4  
  106  7:04  Orbital Command, Medivac  
  106  7:06  Marine, SCV  
  102  7:08  Medivac, Siege Tank  
  102  7:11  Marine, Orbital Command  
  102  7:14  Marine  
  98  7:15  SCV  
  98  7:16  Marine  
  98  7:18  Marine x3, SCV  
  102  7:24  Marine  
  102  7:26  Supply Depot  
  102  7:27  SCV  
  102  7:29  Barracks Reactor  
  104  7:30  Barracks Reactor, Marine, SCV  
  104  7:35  Marine  
  107  7:37  Marine x2  
  107  7:38  Marine x2  
  107  7:39  SCV x2  
  107  7:42  SCV  
  108  7:47  Marine x2  
  108  7:48  Marine  
  108  7:49  Orbital Command  
  100  7:52  SCV  
  100  7:53  Marine  
  100  7:54  Medivac  
  100  7:56  Medivac  
  100  7:58  Marine  
  106  8:00  Marine x2  
  106  8:02  SCV  
  105  8:07  Marine  
  105  8:08  Marine  
  105  8:09  Marine  
  105  8:10  SCV  
  105  8:11  Siege Tank  
  102  8:13  Marine x2  
  102  8:14  Marine, SCV  
  102  8:15  SCV  
  102  8:17  Marine  
  102  8:19  Marine  
  109  8:20  Marine x3  
  109  8:21  Terran Infantry Weapons Level 2  
  109  8:22  SCV  
  109  8:25  Terran Infantry Armor Level 2  
  109  8:27  Marine x3, SCV  
  113  8:31  Marine x3  
  113  8:32  Marine  
  117  8:35  SCV  
  117  8:36  SCV  
  117  8:39  Marine  
  117  8:40  Marine x3  
  117  8:41  Marine  
  124  8:45  Marine  
  124  8:48  Supply Depot  
  125  8:49  Terran Vehicle Weapons Level 1, Supply Depot  
  125  8:51  Supply Depot  
  125  8:56  Marine  
  125  8:57  Marine  
  125  8:58  Marine  
  125  8:59  Marine  
  125  9:04  Barracks Tech Lab  
  125  9:08  Supply Depot  
  125  9:09  Refinery, Marine x6, Medivac, Supply Depot  
  133  9:10  Marine  
  133  9:11  Siege Tank  
  133  9:14  Marine  
  133  9:15  Marine  
  133  9:16  Marine, Medivac  
  142  9:17  Marine  
  142  9:18  Refinery, Factory  
  142  9:22  Supply Depot  
  143  9:25  Marine  
  143  9:27  Marine  
  143  9:28  Barracks Tech Lab  
  143  9:29  Concussive Shells, Barracks Tech Lab  
  143  9:30  Marauder  
  147  9:31  Marine x3  
  147  9:33  Supply Depot  
  147  9:35  Marine  
  151  9:42  Marine  
  151  9:44  Marine x3  
  153  9:45  Marine  
  153  9:47  Siege Tank  
  153  9:49  Marine  
  153  9:50  Marine x4  
  153  9:51  Supply Depot x2  
  162  9:54  Missile Turret  
  162  9:55  Marine x2  
  162  10:00  Marine  
  162  10:02  Marine x3  
  162  10:04  Factory Tech Lab  
  165  10:10  Marine, Marauder x2  
  165  10:12  Marine x2  
  172  10:17  Medivac x2  
  172  10:18  Marine  
  172  10:19  Marine  
  171  10:29  Marine x3  
  171  10:30  Marine x2  
Tags
 
Add a new tag
Caveats
  • Supply blocks, unpowered buildings, or Contaminate may cause inaccurate times.
  • Supply counts are checked every 10 seconds.